 Dungeon Crawl Stone Soup version 0.22-a0-877-g5c4e1af (webtiles) character file.

416 prawnwizard the Slasher (level 6, -11/48 HPs)
             Began as a Demonspawn Gladiator on July 29, 2018.
             Mangled by an orc wizard
             ... wielding a +3 dagger of electrocution
              (17 damage)
             ... on level 4 of the Dungeon.
             The game lasted 00:03:42 (3492 turns).

prawnwizard the Slasher (Demonspawn Gladiator)      Turns: 3492, Time: 00:03:43

Health: -11/48     AC: 11    Str: 16    XL:     6   Next: 60%
Magic:  6/6        EV: 17    Int: 10    God:
Gold:   117        SH:  0    Dex: 19    Spells: 5/5 levels left

rFire    . . .     SeeInvis .   a - +0 long sword
rCold    . . .     Gourm    .   (no shield)
rNeg     . . .     Faith    .   q - +0 chain mail
rPois    .         Spirit   .   c - +0 helmet
rElec    .         Reflect  .   (no cloak)
rCorr    .         Harm     .   (no gloves)
MR       .....                  (no boots)
Stlth    ..........             (no amulet)
HPRegen  0.16/turn              h - ring of wizardry
MPRegen  0.10/turn              o - +4 ring of evasion

@: agile
A: slimy green scales 1, powered by death 1, powered by pain 1
a: no special abilities


You were on level 4 of the Dungeon.
You were not hungry.

You visited 1 branch of the dungeon, and saw 4 of its levels.

You collected 117 gold pieces.

Inventory:

Hand Weapons
 a - a +0 long sword (weapon)
Missiles
 d - 4 throwing nets (quivered)
Armour
 b - a +0 leather armour
 c - a +0 helmet (worn)
 q - a +0 chain mail (worn)
Jewellery
 h - a ring of wizardry (left hand)
 o - a +4 ring of evasion (right hand)
 t - a +1 ring of protection {unknown}
Wands
 w - a wand of iceblast (10)
Scrolls
 e - a scroll of immolation {unknown}
 j - 8 scrolls of identify {unknown}
 m - 3 scrolls of teleportation {unknown}
 n - a scroll of fog {unknown}
 r - a scroll of random uselessness {unknown}
 s - a scroll of fear {unknown}
 u - 2 scrolls of amnesia {unknown}
Potions
 g - a potion of might {unknown}
 k - 3 potions of curing {unknown}
 l - 3 potions of mutation {unknown}
 p - a potion of ambrosia {unknown}
 v - 2 potions of lignification {unknown}
Comestibles
 f - 5 rations
 i - 3 chunks of flesh


   Skills:
 + Level 3.8 Fighting
 * Level 5.2 Long Blades
 - Level 1.7 Throwing
 + Level 4.0 Dodging


You had 5 spell levels left.
You didn't know any spells.
Your spell library was empty.

Dungeon Overview and Level Annotations

Branches:
Dungeon (4/15)
 Temple: D:4-7

Altars:


Innate Abilities, Weirdness & Mutations

You are partially covered in slimy green scales. (AC +2)
You regenerate a little health from kills.
You sometimes gain a little power by taking damage.


Message History

You are too injured to fight recklessly!
You are too injured to fight recklessly!
You hit the orc wizard.
The orc wizard is heavily wounded.
The orc wizard hits you with a dagger of electrocution.
You are electrocuted!
* * * LOW HITPOINT WARNING * * *
You closely miss the orc wizard.
The orc wizard is heavily wounded.
The orc wizard misses you.
You closely miss the orc wizard.
The orc wizard is heavily wounded.
The orc wizard hits you but does no damage.
You are electrocuted!
* * * LOW HITPOINT WARNING * * *
You hit the orc wizard.
The orc wizard is almost dead.
The orc wizard hits you but does no damage.
You are electrocuted!
You die...

#####.....# #
###.........#.# #
........#####.#### ### #
................. .?# #
.......#...###.## #.# #
###...##........####.#
#................#.#
#......o...#..##.#.# #
#####...#@###......o..##.#
#...#####.# #.##.#.o#?....
#...#####.# #.##.#..#.##.#
#.........# #....#§.#o.# #
#..)##############..#....
#...# #.........§..#..###
###.# #.#########.##..#..
#.####.# #.....+..
#......###############..


You could see an orc wizard.

Vanquished Creatures
  A phantom (D:4)
  A scorpion (D:4)
  An orc priest (D:4)
  A bullfrog skeleton (D:4)
  7 gnolls
  6 adders
  2 worms (D:2)
  2 dart slugs
  A leopard gecko (D:2)
  5 orcs (D:3)
  A ball python (D:2)
  5 giant cockroaches
  9 goblins
  9 hobgoblins
  7 kobolds
  3 quokkas
  10 bats
  4 frilled lizards
  6 rats
81 creatures vanquished.

Notes
Turn   | Place    | Note
-------+----------+-------------------------------------------
     0 | D:1      | prawnwizard the Demonspawn Gladiator began the quest for the Orb.
     0 | D:1      | Reached XP level 1. HP: 16/16 MP: 1/1
   600 | D:1      | Reached skill level 3 in Long Blades
   637 | D:1      | Gained mutation: You sometimes gain a little power by taking damage. [demonic ancestry]
   637 | D:1      | Reached XP level 2. HP: 19/22 MP: 2/2
  1199 | D:1      | Gained mutation: You regenerate a little health from kills. [demonic ancestry]
  1199 | D:1      | Reached XP level 3. HP: 28/28 MP: 3/3
  1635 | D:2      | Gained mutation: You are partially covered in slimy green scales. (AC +2) [demonic ancestry]
  1635 | D:2      | Reached XP level 4. HP: 21/34 MP: 4/4
  1909 | D:2      | Found a faded altar of an unknown god.
  1957 | D:2      | Reached skill level 4 in Long Blades
  2154 | D:3      | Reached XP level 5. HP: 41/41 MP: 5/5
  2955 | D:4      | Noticed a phantom
  2987 | D:4      | Killed a phantom
  2987 | D:4      | Reached skill level 5 in Long Blades
  2987 | D:4      | Reached XP level 6. HP: 36/48 MP: 6/6
  3492 | D:4      | Mangled by an orc wizard

Vault maps used:
D:1:      lightli_arrival_quake, serial_bayou_pond_c, nrook_mini_vaults,
          minmay_statues_item
D:2:      lemuel_upstairs_altar, chequers_ecumenical_altar_lobes, first_ration,
          moated_statue

Skill      XL: |  1  2  3  4  5  6 |
---------------+-------------------+-----
Long Blades    | 3 4 5 |  5.2
Dodging        | 3 4 |  4.0
Fighting       | 3 |  3.8
Throwing       | |  1.7

Action                   |  1- 3 |  4- 6 || total
-------------------------+-------+-------++-------
Melee: Long sword        |    94 |   212 ||   306
  Eat: Chunk             |     2 |     7 ||     9
Armor: Leather armour    |    22 |       ||    22
       Chain mail        |    25 |   148 ||   173
Dodge: Dodged            |    98 |   166 ||   264
       Rpst.: Long sword |    31 |    56 ||    87

Table legend:
 A = Spawn XP
 B = Non-spawn XP
 C = Spawn XP percentage of total XP
 D = Spawn monster count
 E = Non-spawn monster count
 F = Spawn count percentage of total count
 G = Total turns spent on level
                    A         B        C        D         E        F      G
               +---------+---------+-------+---------+---------+-------+---------
         Total |       0 |     595 |   0.0 |       0 |      81 |   0.0 |  3492
               +---------+---------+-------+---------+---------+-------+---------
           D:1 |       0 |      55 |   0.0 |       0 |      26 |   0.0 |  1510
           D:2 |       0 |     107 |   0.0 |       0 |      22 |   0.0 |   572
           D:3 |       0 |     138 |   0.0 |       0 |      27 |   0.0 |  1005
           D:4 |       0 |     295 |   0.0 |       0 |       6 |   0.0 |   405
               +---------+---------+-------+---------+---------+-------+---------
